 Dungeon Crawl Stone Soup version 0.31-a0-486-g8d68a81214 (webtiles) character file.

Game seed: 14510454303796549118

26441 Gelion the Mimic (level 13, -1/105 (114) HPs)
             Began as an Octopode Shapeshifter on Aug 7, 2023.
             Was an Initiate of Gozag.
             Slain by a spectral five-headed hydra (7 damage)
             ... called from beyond by a ghost crab
             ... on level 3 of the Lair of Beasts.
             The game lasted 00:28:22 (16216 turns).

Gelion the Mimic (Octopode Shapeshifter)           Turns: 16216, Time: 00:28:24

HP:   -1/105 (114)  AC: 12    Str: 19    XL:     13   Next: 26%
MP:   22/22         EV: 15    Int:  8    God:    Gozag
Gold: 638           SH:  5    Dex: 18    Spells: 12/12 levels left

rFire   . .          .
                       - Unarmed
rCold   + . .        (shield currently unavailable)
rNeg    + . .        (helmet currently unavailable)
rPois   +            Q - amulet of reflection
rElec   +            a - ring of Socemn {rElec rPois rN+ Stlth+}
rCorr   +            g - ring of willpower
SInv    +            P - ring of see invisible
Will    ++...        O - ring of resist corrosion
Stlth   +++          y - ring of magical power
HPRegen 0.37/turn    v - +5 ring of evasion
MPRegen 0.18/turn    D - ring of flight
                     F - ring of protection from cold

%: reflection
@: snake-form, flying, drained
A: constrict, boosted hp, almost no armour, amphibious, 8 rings, large,
(camouflage 1), (gelatinous body 1), (nimble swimmer 1), (tentacles), (tentacle
spike 1), dopey 1, strong-willed 1
a: Begin Untransformation, Renounce Religion, Potion Petition, Call Merchant,
Bribe Branch


You were on level 3 of the Lair of Beasts.
You worshipped Gozag.
Gozag was pleased with you.
You were an enormous anaconda.
You visited 3 branches of the dungeon, and saw 14 of its levels.
You also visited: Ossuary and Bailey.

You collected 2249 gold pieces.
You spent 762 gold pieces at shops.
You paid 849 gold pieces to Gozag.

Inventory:

Missiles
 q - 5 throwing nets
Armour
 f - a +1 hat
Jewellery
 a - the ring of Socemn (left tentacle) {rElec rPois rN+ Stlth+}
   (You acquired it on level 3 of the Dungeon)

   [ring of positive energy]

   rElec:     It insulates you from electricity.
   rPois:     It protects you from poison.
   rN:        It protects you from negative energy.
   Stlth:     It makes you more stealthy.
 g - a ring of willpower (right tentacle)
 k - a ring of magical power
 l - a ring of willpower
 v - a +5 ring of evasion (on tentacle)
 y - a ring of magical power (on tentacle)
 B - a ring of wizardry
 D - a ring of flight (on tentacle)
 F - a ring of protection from cold (on tentacle)
 O - a ring of resist corrosion (on tentacle)
 P - a ring of see invisible (on tentacle)
 Q - an amulet of reflection (around neck)
Talismans
 b - a beast talisman
 e - a serpent talisman (active)
Wands
 d - a wand of light (12)
 m - a wand of polymorph (11)
 C - a wand of mindburst (18)
 N - a wand of charming (4)
Scrolls
 c - 3 scrolls of vulnerability
 h - a scroll of fog
 o - 3 scrolls of teleportation
 r - 2 scrolls of silence
 t - a scroll of summoning
 x - a scroll of enchant armour
 z - 3 scrolls of identify
 A - 2 scrolls of poison
 E - a scroll of enchant weapon
 G - 3 scrolls of immolation
 K - a scroll of brand weapon
Potions
 i - 5 potions of attraction
 j - 4 potions of resistance
 n - 3 potions of brilliance
 p - a potion of invisibility
 u - a potion of degeneration {unknown}
 w - 2 potions of lignification
 H - a potion of magic
 J - a potion of haste
 L - a potion of cancellation
 M - a potion of curing
Miscellaneous
 s - a phial of floods


   Skills:
 + Level 11.3 Fighting
 - Level 2.0 Dodging
 + Level 11.5 Unarmed Combat
 * Level 13.5 Shapeshifting


You had 12 spell levels left.
You didn't know any spells.
Your spell library contained the following spells:

 Spells                   Type           Power      Damage    Failure   Level
 Cigotuvi's Dreadful Rot  Necr/Pois/Air  0%         N/A       54%         2
 Inner Flame              Hex/Fire       0%         N/A       78%         3
 Ozocubu's Armour         Ice            0%         N/A       78%         3
 Portal Projectile        Hex/Tloc       0%         N/A       78%         3
 Summon Guardian Golem    Hex/Summ       0%         N/A       78%         3
 Dispel Undead            Necr           0%         3d6       99%         4
 Leda's Liquefaction      Hex/Erth       0%         N/A       99%         4
 Lee's Rapid Deconstruct  Erth           0%         3d4*      100%        5
 Metabolic Englaciation   Hex/Ice        0%         N/A       100%        5
 Summon Mana Viper        Hex/Summ       0%         N/A       100%        5
 Yara's Violent Unravell  Hex/Tmut       0%         3d3       100%        5
 Death Channel            Necr           0%         N/A       100%        6
 Leda's Unmaking          Conj/Erth      0%         9d1       100%        6
 Enfeeble                 Hex            0%         N/A       100%        7
 Simulacrum               Ice/Necr       Unusable   N/A       N/A         6

Dungeon Overview and Level Annotations

Branches:
Dungeon (10/15)            Temple (1/1) D:7            Lair (3/5) D:10
  Swamp (0/4) Lair:3        Snake (0/4) Lair:2      Ossuary (visited)
 Bailey (visited)
    Orc: D:9-12

Altars:
Ashenzari
Cheibriados
Dithmenos
Elyvilon
Fedhas
Gozag
Hepliaklqana
Kikubaaqudgha
Makhleb
Nemelex Xobeh
Okawaru
Qazlal
Ru
Sif Muna
Trog
Uskayaw
Vehumet
Wu Jian
Xom
Yredelemnul
Zin
The Shining One

Shops:
D:2 *   D:10 *   Lair:2 =

Portals:
Trove: D:10 (give 7 scrolls of fear)

Annotations:
D:9 3 runed translucent doors, Newt's ghost, novice KoHu


Innate Abilities, Weirdness & Mutations

You are an enormous anaconda.
You have a powerful constriction melee attack.
Your maximum health is increased.
Your armour is entirely melded.
You are incapable of wielding weapons or throwing items.
You cannot wear most types of armour.
You are amphibious.
You can wear up to eight rings at the same time.
((Your skin changes colour to match your surroundings (Stealth+).))
((Your rubbery body absorbs attacks. (AC +1, EV +1)))
((You are camouflaged when in or above water. (Stealth+)))
((You have tentacles for arms and can constrict up to eight enemies at once.))
((One of your tentacles bears a spike.))
You are dopey. (Int -2)
You are strong-willed. (Will+)


Message History

The ghost crab is heavily damaged.
You are engulfed in spectral mist.
* * * LOW HITPOINT WARNING * * *
You constrict the ghost crab, but do no damage.
The spectral anaconda grabs you.
The spectral anaconda barely misses you.
The spectral anaconda constricts you.
The spectral five-headed hydra bites you but does no damage. x2
The spectral five-headed hydra bites you!
* * * LOW HITPOINT WARNING * * *
You partially resist.
You feel drained.
* * * LOW HITPOINT WARNING * * *
The spectral five-headed hydra bites you.
* * * LOW HITPOINT WARNING * * *
You partially resist.
You feel drained.
The spectral five-headed hydra misses you.
You block the ghost crab's attack. The ghost crab barely misses you.
The spectral torpor snail misses you.
Okay, then.
As you read the scroll labelled OTWUPH KO BEJE, it crumbles to dust.
You assume a fearsome visage.
The ghost crab is unaffected.
The spectral eight-headed hydra is unaffected.
The spectral anaconda is unaffected.
The spectral torpor snail is unaffected.
The spectral five-headed hydra is unaffected.
The spectral six-headed hydra is unaffected.
The spectral torpor snail is unaffected.
The spectral boulder beetle is unaffected.
It was a scroll of fear.
You are engulfed in spectral mist.
* * * LOW HITPOINT WARNING * * *
You constrict the ghost crab.
The spectral anaconda loses its grip on you.
The spectral anaconda fades away!
The spectral five-headed hydra closely misses you.
The spectral five-headed hydra bites you but does no damage.
The spectral five-headed hydra barely misses you.
You block the spectral five-headed hydra's attack.
The spectral five-headed hydra bites you!
You die...
Your body crumbles into a pile of gold.

.. ♣♣♣ ..... §§♣ .#... §§♣
#### ..... ♣§§♣♣ ###..##...
♣♣Z§○○♣♣ #.#.....##
♣StZ§..♣ .#.......##
♣ZZ♣♣Z.♣♣ .##.....#.##.
♣~♣♣ ...♣ #.#..........
♣..♣♣~.~♣ .............#
♣..§♣..♣ .#
.............##♣.Z...~♣ #..
..#.#>##..P#..#♣♣..§.♣♣#...
#.#....##.##..# ♣..~.♣♣....
.#..#..##.....##♣....♣.....


You could see a ghost crab, a spectral eight-headed hydra (summoned), a spectral
six-headed hydra (summoned), a spectral five-headed hydra (summoned), a spectral
boulder beetle (summoned) and 2 spectral torpor snails.

Vanquished Creatures
  Harold (D:9)
  A hydra (Lair:3)
  A ghost crab (Lair:3)
  Erica (D:9)
  A two-headed ogre (D:9)
  2 skysharks (Lair:3)
  A spectral hydra (Lair:3)
  Pikel (D:4)
  A spectral boulder beetle (Lair:3)
  4 black mambas
  A gargoyle (Bailey)
  9 cane toads
  Maggie (D:9)
  2 rime drakes
  An unseen horror (D:10)
  3 komodo dragons
  3 hornets
  A polar bear (Lair:2)
  Prince Ribbit (D:7)
  A troll (D:9)
  19 blink frogs
  A spectral black mamba (Lair:3)
  Sigmund (D:5)
  A vampire (Bailey)
  14 yaks
  4 wyverns
  3 basilisks
  An acid dragon (D:10)
  10 water moccasins
  An orc warrior (D:10)
  An ice beast (D:6)
  A sky beast (D:7)
  6 black bears
  A spectral blink frog (Lair:3)
  17 wolves (Lair:1)
  3 centaurs
  A lemure (D:4)
  3 bullfrogs
  A kobold brigand (D:8)
  A gnoll sergeant (D:6)
  8 scorpions
  7 wights
  8 vampire bats (Bailey)
  3 howler monkeys
  An electric eel (Lair:2)
  4 wolf zombies (Bailey)
  6 hounds
  8 orc priests
  An iron imp (D:10)
  A gnoll bouda (D:5)
  5 iguanas
  9 orc wizards
  A sleepcap (D:6)
  Natasha (thrice) (D:4)
  8 mummies (Ossuary)
  Robin (D:2)
  9 gnolls
  5 adders
  A shadow imp (D:5)
  4 white imps
  2 ufetubi
  2 worms
  2 dart slugs
  38 orcs
  7 bats
  8 endoplasms
  3 giant cockroaches (D:1)
  20 goblins
  6 hobgoblins
  7 jackals
  4 quokkas
  2 ball pythons
  2 frilled lizards
  3 gnoll zombies (Ossuary)
  A hobgoblin zombie (Ossuary)
  16 kobolds
  3 kobold zombies (Ossuary)
  18 orc zombies
  3 rats
  A butterfly (Lair:1)
368 creatures vanquished.

Vanquished Creatures (others)
  A human (D:3)
1 creature vanquished.

Grand Total: 369 creatures vanquished

Notes
Turn   | Place    | Note
-------+----------+-------------------------------------------
     0 | D:1      | Gelion the Octopode Shapeshifter began the quest for the
                  | Orb.
     0 | D:1      | Reached XP level 1. HP: 13/13 MP: 1/1
   188 | D:1      | Reached XP level 2. HP: 18/18 MP: 2/2
   573 | D:1      | Reached XP level 3. HP: 22/23 MP: 3/3
   819 | D:2      | Noticed Robin
   841 | D:2      | Killed Robin
   842 | D:2      | Reached XP level 4. HP: 19/29 MP: 4/4
   928 | D:2      | Found Kouliyq's General Store.
  1667 | D:3      | Reached skill level 4 in Shapeshifting
  1667 | D:3      | Reached XP level 5. HP: 30/35 MP: 5/5
  1676 | D:3      | Found an ancient bone altar of Kikubaaqudgha.
  1726 | D:3      | Noticed a human
  1728 | D:3      | Killed a human
  1842 | D:3      | Found a glowing silver altar of Zin.
  1845 | D:3      | Found a basalt altar of Yredelemnul.
  2539 | D:3      | Identified a scroll of acquirement
  2539 | D:3      | Acquired the ring of Socemn {rElec rPois rN+ Stlth+}
  3173 | D:4      | Reached XP level 6. HP: 34/41 MP: 6/6
  3262 | D:4      | Noticed Natasha
  3270 | D:4      | Killed Natasha
  3614 | D:4      | Noticed Pikel
  3636 | D:4      | Gained mutation: You have an increased reservoir of magic.
                  | (+10% MP) [potion of mutation]
  3636 | D:4      | Gained mutation: You are resistant to electric shocks.
                  | (rElec) [potion of mutation]
  3636 | D:4      | Gained mutation: You are dopey. (Int -2) [potion of
                  | mutation]
  3647 | D:4      | Killed Pikel
  3648 | D:4      | Reached skill level 5 in Unarmed Combat
  3648 | D:4      | Reached skill level 5 in Shapeshifting
  3648 | D:4      | Reached XP level 7. HP: 48/48 MP: 7/7
  3794 | D:4      | Lost mutation: You are resistant to electric shocks.
                  | (rElec) [potion of mutation]
  3794 | D:4      | Lost mutation: You have an increased reservoir of magic.
                  | (+10% MP) [potion of mutation]
  3794 | D:4      | Gained mutation: You are strong-willed. (Will+) [potion of
                  | mutation]
  3794 | D:4      | Gained mutation: One of your tentacles bears a spike.
                  | [potion of mutation]
  4089 | D:4      | Noticed Natasha
  4096 | D:4      | Killed Natasha
  4239 | D:4      | Noticed Natasha
  4246 | D:4      | Killed Natasha
  4247 | D:4      | Reached skill level 6 in Shapeshifting
  4247 | D:4      | Reached XP level 8. HP: 45/54 MP: 8/8
  4280 | D:5      | Entered Level 5 of the Dungeon
  4560 | D:5      | Reached skill level 5 in Fighting
  4700 | D:5      | Found a sand-covered staircase.
  4708 | Ossuary  | Entered an ossuary
  5051 | D:5      | Noticed Sigmund
  5057 | D:5      | Killed Sigmund
  5058 | D:5      | Reached skill level 7 in Shapeshifting
  5307 | D:5      | Reached XP level 9. HP: 54/61 MP: 9/9
  6125 | D:6      | Found a stormy altar of Qazlal.
  6749 | D:7      | Noticed a hornet
  6757 | D:7      | Killed a hornet
  6763 | D:7      | Reached skill level 8 in Shapeshifting
  7066 | D:7      | Found an iron altar of Okawaru.
  7070 | D:7      | Found an ornate altar of the Wu Jian Council.
  7174 | D:7      | Found a staircase to the Ecumenical Temple.
  7203 | D:7      | Identified the +3 leather armour "Dobit" {Harm rN+}
  7207 | Temple   | Entered the Ecumenical Temple
  7366 | D:7      | Found a glowing golden altar of the Shining One.
  7366 | D:7      | Noticed Prince Ribbit
  7378 | D:7      | Killed Prince Ribbit
  7593 | D:8      | Reached XP level 10. HP: 54/69 MP: 10/10
  7733 | D:8      | Found a bloodstained altar of Trog.
  7816 | D:8      | Reached skill level 9 in Shapeshifting
  8454 | D:9      | Noticed Maggie
  8464 | D:9      | Killed Maggie
  8570 | D:9      | Noticed a two-headed ogre
  8583 | D:9      | Killed a two-headed ogre
  8794 | D:9      | Found a broken altar of Ashenzari.
  8946 | D:9      | Noticed Harold
  8954 | D:9      | Killed Harold
  9107 | D:9      | Found a runed translucent gate.
  9107 | D:9      | Found a runed translucent gate.
  9107 | D:9      | Found a runed translucent gate.
  9109 | D:9      | Noticed a spectral centaur warrior
  9109 | D:9      | Noticed Newt's ghost (novice KoHu)
  9110 | D:9      | Noticed a spectral wolf spider
  9110 | D:9      | Noticed a spectral centaur warrior
  9110 | D:9      | Noticed a spectral centaur warrior
  9134 | D:9      | Reached skill level 10 in Shapeshifting
  9480 | D:9      | Found an opulent altar of Gozag.
  9506 | D:9      | Became a worshipper of Gozag Ym Sagoz the Greedy
  9719 | D:9      | Noticed Erica
  9733 | D:9      | Killed Erica
  9734 | D:9      | Reached XP level 11. HP: 51/78 MP: 11/11
  9942 | D:9      | Found a shadowy altar of Dithmenos.
 10136 | D:10     | Entered Level 10 of the Dungeon
 10152 | D:10     | Found a burning altar of Makhleb.
 10225 | D:10     | Found a flagged portal.
 10320 | Bailey   | Entered a bailey
 10677 | Bailey   | Identified the +0 ring mail of Poduv {Regen+ Dex+7}
 11101 | D:10     | Found a staircase to the Lair.
 11165 | D:10     | Found Gaqeq's Assorted Antiques.
 11171 | D:10     | Bought a scroll labelled VENOUSIYBA for 22 gold pieces
 11171 | D:10     | Bought a thick beryl amulet for 110 gold pieces
 11476 | D:10     | Found a portal to a secret trove of treasure.
 11513 | D:10     | Found a snail-covered altar of Cheibriados.
 11788 | Lair:1   | Entered Level 1 of the Lair of Beasts
 11798 | Lair:1   | Reached skill level 11 in Shapeshifting
 12609 | Lair:1   | Reached skill level 10 in Unarmed Combat
 12949 | Lair:2   | Found a staircase to the Snake Pit.
 12955 | Lair:2   | Reached XP level 12. HP: 87/87 MP: 12/12
 13194 | Lair:2   | Reached skill level 12 in Shapeshifting
 13416 | Lair:2   | Reached skill level 10 in Fighting
 13644 | Lair:2   | Got the Guidebook on Hexes
 14757 | Lair:2   | Bought a ring of see invisible for 210 gold pieces
 14757 | Lair:2   | Bought an amulet of reflection for 420 gold pieces
 15315 | Lair:3   | Noticed a four-headed hydra
 15320 | Lair:3   | Killed a four-headed hydra
 15321 | Lair:3   | Reached skill level 13 in Shapeshifting
 15545 | Lair:3   | Reached XP level 13. HP: 56/94 MP: 13/13
 16203 | Lair:3   | Found a staircase to the Swamp.
 16216 | Lair:3   | Slain by a spectral five-headed hydra

Illustrated notes

Levels and vault maps discovered:
D:1:      ncdulo_smallfort, layout_basic
D:2:      layout_loops_cross, serial_shops, shop, lightli_corner_chamber,
          uniq_robin
D:3:      layout_loops_corners, tgw_kikubaaqudgha,
          chequers_temple_overflow_statue_of_worship
D:4:      layout_layer_cave, grunt_ministairs_14, corexii_checkpoint_b,
          uniq_natasha, uniq_pikel
D:5:      layout_loops_cross, nicolae_ossuary_entry_ruins, serial_glass,
          glass_columns_a, glass_columns_a, uniq_sigmund
D:6:      layout_cave_pools, general_overflow_altar
D:7:      layout_basic, mainiacjoe_overflow_boulevard, tso_altar,
          lemuel_crystal_altar, minmay_temple_entry_statues_fountains,
          nicolae_benzene_ring, uniq_prince_ribbit1
D:8:      layout_layer_cave, mainiacjoe_overflow_paths
D:9:      layout_grid_maze, mainiacjoe_overflow_alcove_1,
          nicolae_dithmenos_through_a_glass_darkly, mainiacjoe_overflow_catwalk,
          gammafunk_ghost_necromancy, uniq_harold, uniq_maggie, uniq_erica
D:10:     layout_loops_ring, old_standard_altar, chei_slow_surprise,
          due_lair_maze_entry_diamond, nicolae_trove_entry_columns,
          enter_bailey_4, serial_shops, shop
Temple:   hellmonk_temple_rainy
Lair:1:   layout_regular_city, lemuel_fruit_fields
Lair:2:   layout_chaotic_city, dummy_snake_entry, gammafunk_lair_bear_cave
Lair:3:   layout_loops_ring, nicolae_swamp_entry_spooky

Skill      XL: |  1  2  3  4  5  6  7  8  9 10 11 12 13 |
---------------+----------------------------------------+-----
Fighting       | 2 4 5 6 8 9 10 11 | 11.3
Shapeshifting  | 4 5 6 7 8 10 11 13 | 13.5
Unarmed Combat | 4 5 6 7 8 10 11 | 11.5
Dodging        | |  2.0

Action                     |  1- 3 |  4- 6 |  7- 9 | 10-12 | 13-15 || total
---------------------------+-------+-------+-------+-------+-------++-------
  Melee: Unarmed           |    63 |   119 |   251 |   485 |    75 ||   993
         Constrict         |    14 |    26 |    68 |   115 |    10 ||   233
         Tentacles         |    10 |    27 |    12 |       |       ||    49
         Punch             |     1 |     2 |     2 |       |       ||     5
         Kick              |       |       |    19 |       |       ||    19
 Invoke: Call Merchant     |       |       |       |     1 |       ||     1
    Use: Potion            |     1 |     4 |     9 |     3 |     1 ||    18
         Scroll            |       |     6 |     7 |     5 |     1 ||    19
   Stab: Sleeping          |     5 |    13 |     7 |    11 |       ||    36
         Distracted        |       |       |     1 |     9 |       ||    10
 Armour: Skin              |     8 |     4 |    95 |   184 |    42 ||   333
  Dodge: Dodged            |    34 |    45 |   114 |   313 |    51 ||   557
  Block: Other             |       |       |       |     7 |    15 ||    22
   Form: Anaconda          |       |       |     1 |       |       ||     1

Table legend: (Time is in decaauts)
 A = Elapsed time spent in this place.
 B = Non-inter-level travel time spent in this place.
 C = Inter-level travel time spent in this place.
 D = Time resting spent in this place.
 E = Time spent auto-exploring this place.
 F = Levels seen in this place.
 G = Mean time per level.
                   A        B        C        D        E       F      G
               +--------+--------+--------+--------+--------+-----+--------+
         Total |  16056 |  15284 |    772 |   1471 |  11283 |  16 | 1003.5 |
       Dungeon |  10780 |  10159 |    621 |    846 |   7904 |  10 | 1078.0 |
        Temple |     74 |     74 |      0 |     73 |      0 |   1 |   74.0 |
          Lair |   4363 |   4212 |    151 |    543 |   2951 |   3 | 1454.3 |
       Ossuary |    261 |    261 |      0 |      8 |    150 |   1 |  261.0 |
        Bailey |    577 |    577 |      0 |      0 |    278 |   1 |  577.0 |
               +--------+--------+--------+--------+--------+-----+--------+

Top non-repeatable levels by time:
  Lair:2: 1911 daAuts
     D:9: 1686 daAuts
     D:4: 1675 daAuts
  Lair:1: 1455 daAuts
     D:5: 1323 daAuts
    D:10: 1051 daAuts
     D:3: 1004 daAuts
  Lair:3: 996 daAuts
     D:8: 919 daAuts
     D:7: 875 daAuts
     D:1: 816 daAuts
     D:2: 767 daAuts
     D:6: 661 daAuts
  Bailey: 577 daAuts
 Ossuary: 261 daAuts
